Map: Moebius Facility XX-1

Players

Musumeci - Winner!

  • Race: Zerg Zerg
  • League: Diamond
  • Spawn Location: 12:00

MichyMoko - Winner!

  • Race: Zerg Zerg
  • Spawn Location: 11:00

Lsk

  • Race: Protoss Protoss
  • League: Gold
  • Spawn Location: 12:00

VamPizda

  • Race: Protoss Protoss
  • Spawn Location: 1:00

VOD

Have the link to the VOD?

Description

Time

  • Played on: Feb. 18, 2017, 12:33 p.m.
  • Length: 6:04
Show
View Real Time Build Order
Export as new Build Order

Musumeci Zerg - Winner!

Build Orders: Pool First 

Get SALT Encoding   

  12  0:01  Drone  
  13  0:13  Drone  
  14  0:27  Spawning Pool  
  13  0:33  Drone  
  14  1:07  Hatchery  
  13  1:16  Zergling x2  
  14  1:20  Extractor  
  14  1:21  Zergling x4, Extractor  
  16  1:27  Overlord  
  16  1:51  Hatchery  
  15  1:55  Zergling x2  
  16  2:31  Zergling x4  
  16  2:32  Queen  
  20  2:48  Zergling x2  
  18  2:53  Zergling x2  
  18  3:03  Zergling x2  
  18  3:05  Queen  
  18  3:07  Zergling x2  
  18  3:20  Zergling x6  
  18  3:21  Zergling x2  
  18  3:27  Zergling x4  
  20  3:32  Zergling x2  
  22  3:41  Zergling x2  
  20  3:58  Zergling x4  
  21  4:09  Zergling x2  
  20  4:11  Zergling x6  
  21  4:19  Zergling x2  
  21  4:25  Queen  
  22  4:38  Zergling x2  
  22  4:39  Zergling x6  
  24  4:57  Zergling x4  
  24  5:14  Zergling x6  
  23  5:22  Zergling x4  
  26  5:41  Zergling x4  
  26  5:44  Overlord  
Show
View Real Time Build Order
Export as new Build Order

MichyMoko Zerg - Winner!

Build Orders: Pool First 

Get SALT Encoding   

  12  0:02  Drone  
  13  0:13  Overlord  
  13  0:20  Drone  
  14  0:36  Spawning Pool  
  14  0:38  Drone  
  14  1:01  Drone x2  
  14  1:02  Drone  
  17  1:07  Extractor  
  16  1:23  Zergling x4  
  18  1:42  Hatchery  
  18  1:46  Zergling x4  
  19  1:59  Drone  
  19  2:10  Drone  
  20  2:17  Drone  
  22  2:30  Drone  
  20  2:53  Zergling x4  
  20  3:15  Overlord  
  20  3:16  Overlord  
  20  3:22  Metabolic Boost  
  20  3:33  Queen x2  
  24  3:43  Zergling x6  
  24  3:45  Zergling x2  
  24  3:46  Zergling x4  
  25  4:24  Queen  
  25  4:28  Zergling x4  
  29  4:59  Zergling x6  
  28  5:33  Zergling x2  
  28  5:34  Zergling x4  
Show
View Real Time Build Order
Export as new Build Order

Lsk Protoss 

Build Orders:  

Get SALT Encoding   

  12  0:01  Probe (Chrono Boost)  
  13  0:17  Pylon  
  13  0:18  Probe (Chrono Boost)  
  14  0:38  Gateway  
  14  0:44  Assimilator  
  14  0:45  Probe (Chrono Boost)  
  15  0:54  Gateway  
  15  0:58  Probe (Chrono Boost)  
  16  1:13  Probe (Chrono Boost)  
  17  1:24  Probe (Chrono Boost)  
  18  1:28  Cybernetics Core  
  18  1:29  Zealot  
  18  1:39  Forge  
  20  1:50  Pylon  
  20  1:54  Assimilator  
  20  1:56  Probe (Chrono Boost)  
  21  2:12  Mothership Core (Chrono Boost)  
  21  2:14  Photon Cannon  
  21  2:26  Photon Cannon  
  21  2:40  Photon Cannon  
  21  2:50  Pylon  
  5  3:05  Probe (Chrono Boost)  
  6  3:34  Probe (Chrono Boost)  
  6  3:46  Probe (Chrono Boost)  
  7  4:02  Probe (Chrono Boost)  
  7  4:14  Probe (Chrono Boost)  
  8  4:26  Photon Cannon  
  8  4:34  Probe (Chrono Boost)  
  9  4:45  Probe (Chrono Boost)  
  8  4:55  Probe (Chrono Boost)  
  9  5:02  Stargate  
  10  5:12  Photon Cannon  
    5:39  Probe (Chrono Boost)  
  1  5:50  Probe (Chrono Boost)  
Show
View Real Time Build Order
Export as new Build Order

VamPizda Protoss 

Build Orders:  

Get SALT Encoding   

  12  0:03  Probe (Chrono Boost)  
  13  0:40  Probe (Chrono Boost)  
  13  0:42  Pylon  
  14  0:48  Assimilator  
  14  0:50  Probe (Chrono Boost)  
  15  1:01  Probe (Chrono Boost)  
  16  1:13  Probe (Chrono Boost)  
  17  1:24  Probe (Chrono Boost)  
  18  1:27  Gateway  
  18  1:29  Forge  
  18  1:30  Assimilator  
  18  1:46  Pylon  
  18  1:47  Probe (Chrono Boost)  
  19  1:57  Probe (Chrono Boost)  
  19  2:19  Photon Cannon  
  19  2:20  Photon Cannon, Probe (Chrono Boost)  
  20  2:31  Probe (Chrono Boost)  
  21  2:38  Photon Cannon  
  21  2:54  Pylon  
  21  2:57  Pylon  
  21  3:32  Photon Cannon  
  21  3:33  Photon Cannon  
  21  4:06  Gateway  
  21  4:08  Gateway  
  20  4:11  Pylon  
  20  4:19  Photon Cannon  
  20  4:54  Zealot  
  20  4:59  Zealot  
  24  5:10  Cybernetics Core  
  24  5:21  Zealot  
  24  5:26  Zealot  
Tags
 
Add a new tag
Caveats
  • Supply blocks, unpowered buildings, or Contaminate may cause inaccurate times.
  • Supply counts are checked every 10 seconds.